 Dungeon Crawl Stone Soup version 0.28-a0-1159-g27aa881441 (webtiles) character file.

Game seed: 10848567758667979953

78 alalala the Sneak (level 4, -11/30 HPs)
             Began as a Vampire Enchanter on Dec 15, 2021.
             Killed from afar by Ijyb (12 damage)
             ... with a puff of flame
             ... on level 3 of the Dungeon.
             The game lasted 00:10:35 (2195 turns).

alalala the Sneak (Vampire Enchanter)               Turns: 2195, Time: 00:10:43

Health: -11/30     AC:  3    Str:  7    XL:     4   Next: 15%
Magic:  6/8        EV: 12    Int: 19    God:
Gold:   105        SH:  0    Dex: 14    Spells: 3/8 levels left

rFire   . . .      SeeInvis +   f - +2 dagger (protect)
rCold   . . .      Faith    .   (no shield)
rNeg    . . .      Spirit   .   b - +0 robe
rPois   .          Reflect  .   (no helmet)
rElec   .          Harm     .   o - +0 cloak
rCorr   .          Rampage  .   (no gloves)
Will    .....                   (no boots)
Stlth   +++.......              (no amulet)
HPRegen 0.30/turn               (no ring)
MPRegen 0.11/turn               (no ring)

@: healing quickly
A: alive, fangs 3, see invisible, vampiric 2
a: Exsanguinate


You were on level 3 of the Dungeon.
You visited 1 branch of the dungeon, and saw 3 of its levels.

You collected 105 gold pieces.

Inventory:

Hand Weapons
 a - a +1 dagger
 f - a +2 dagger of protection (weapon)
 i - a +4 spear
 p - a +2 quarterstaff of chaos
Missiles
 d - 21 stones (quivered)
 h - 4 boomerangs
Armour
 b - a +0 robe (worn)
 o - a +0 cloak (worn)
Jewellery
 j - an amulet of the acrobat
Wands
 k - a wand of paralysis (5)
Scrolls
 g - a scroll of blinking {unknown}
 l - a scroll of identify {unknown}
Potions
 c - a potion of invisibility
 e - a potion of curing {unknown}
 m - a potion of heal wounds {unknown}
 n - a potion of ambrosia {unknown}


   Skills:
 + Level 0.2 Fighting
 * Level 2.2 Short Blades
 - Level 2.2 Dodging
 + Level 5.5 Stealth
 * Level 2.7 Spellcasting
 + Level 4.9 Hexes
 + Level 0.5 Ice Magic


You had 3 spell levels left.
You knew the following spells:

 Your Spells              Type           Power      Damage    Failure   Level
a - Ensorcelled Hibernat  Hex/Ice        26%        N/A       8%          2
b - Confusing Touch       Hex            21%        N/A       6%          3

Your spell library contained the following spells:

 Spells                   Type           Power      Damage    Failure   Level
 Tukima's Dance           Hex            21%        N/A       6%          3
 Dazzling Flash           Conj/Hex       22%        N/A       17%         3
 Spider Form              Tmut/Pois      2%         N/A       43%         3


Dungeon Overview and Level Annotations

Branches:
Dungeon (3/15)

Altars:

Annotations:
D:3 Ijyb


Innate Abilities, Weirdness & Mutations

Your natural rate of healing is accelerated.
You have razor-sharp teeth.
You have supernaturally acute eyesight. (SInv)
You are afflicted with vampirism and can become a bat while bloodless.


Message History

You start resting.
Ijyb is nearby!
Okay, then.
Casting: Ensorcelled Hibernation (safe; 8% risk of failure)
Confirm with . or Enter, or press ? or * to list all spells.
Aiming: Ensorcelled Hibernation (safe; 8% risk of failure)
Press: ? - help, Shift-Dir - straight line, f - Ijyb
Aim: Ijyb, wielding a +0 club, wearing a +0 scale mail and carrying a wand of flame (25) (chance to affect: 52%) Ijyb looks drowsy...
The helpless Ijyb fails to defend herself.
You impale Ijyb!!
Your weapon exudes an aura of protection.
Ijyb is almost dead.
Ijyb zaps a wand.
The puff of flame hits you!
You closely miss Ijyb.
Ijyb is almost dead.
Ijyb barely misses you.
Okay, then.
Ijyb is nearby!
Casting: Ensorcelled Hibernation (safe; 8% risk of failure)
Confirm with . or Enter, or press ? or * to list all spells.
Okay, then.
You closely miss Ijyb.
Ijyb is almost dead.
Ijyb zaps a wand.
The puff of flame hits you.
You barely miss Ijyb.
Ijyb is almost dead.
Ijyb zaps a wand.
The puff of flame hits you.
* * * LOW HITPOINT WARNING * * *
Aiming: Paralyse
Press: ? - help, Shift-Dir - straight line, f/p - Ijyb
Aim: Ijyb, wielding a +0 club, wearing a +0 scale mail and carrying a wand of flame (22) (almost dead, chance to affect: 54%) Ijyb resists with significant effort.
Ijyb hits you with a +0 club.
* * * LOW HITPOINT WARNING * * *
Aiming: Paralyse
Press: ? - help, Shift-Dir - straight line, f/p - Ijyb
Aim: Ijyb, wielding a +0 club, wearing a +0 scale mail and carrying a wand of flame (22) (almost dead, chance to affect: 54%) Ijyb resists with significant effort.
Ijyb zaps a wand.
The puff of flame hits you!
You die...

..#<.........##
#..........#
#.....)..).#
#..........#
#...)......#
#..........#
#..........#
#.#####+#### #
# #...@.#
....#.#####g#
..|.........#
....g###.#..#
... #.#..# .
#.#..# #.#..#
..#..# ###..#


You could see Ijyb.

Vanquished Creatures
  Crazy Yiuf (D:2)
  An adder (D:2)
  A worm (D:2)
  4 ball pythons (D:1)
  3 endoplasms (D:1)
  A giant cockroach (D:1)
  5 goblins
  2 hobgoblins (D:1)
  8 kobolds
  2 quokkas
  4 bats
  3 frilled lizards
  A rat (D:1)
36 creatures vanquished.

Vanquished Creatures (others)
  A fungus (D:2)
1 creature vanquished.

Grand Total: 37 creatures vanquished

Notes
Turn   | Place    | Note
-------+----------+-------------------------------------------
     0 | D:1      | alalala the Vampire Enchanter began the quest for the Orb.
     0 | D:1      | Reached XP level 1. HP: 13/13 MP: 3/3
   159 | D:1      | Reached XP level 2. HP: 19/19 MP: 5/5
   162 | D:1      | Learned a level 2 spell: Ensorcelled Hibernation
   499 | D:1      | Found a faded altar of an unknown god.
   779 | D:1      | Reached skill level 5 in Stealth
  1066 | D:2      | Gained mutation: You are afflicted with vampirism and can
                  | become a bat while bloodless. [Vampire growth]
  1066 | D:2      | Reached XP level 3. HP: 24/24 MP: 6/6
  1070 | D:2      | Learned a level 3 spell: Confusing Touch
  2046 | D:2      | Found a runed translucent door.
  2047 | D:2      | Noticed Crazy Yiuf
  2054 | D:2      | Killed Crazy Yiuf
  2055 | D:2      | Reached XP level 4. HP: 30/30 MP: 7/7
  2175 | D:3      | Noticed Ijyb
  2194 | D:3      | HP: 1/30 [Ijyb (3)]
  2195 | D:3      | Killed from afar by Ijyb

Illustrated notes

Levels and vault maps discovered:
D:1:      wander_arrival_desolate, layout_basic,
          chequers_ecumenical_altar_island
D:2:      layout_basic, uniq_crazy_yiuf_cottage
D:3:      layout_basic, corner_web_ring, uniq_ijyb

Skill      XL: |  1  2  3 |
---------------+----------+-----
Stealth        | 5 |  5.5
Short Blades   | 2 |  2.2
Fighting       | |  0.2
Dodging        | |  2.2
Spellcasting   | |  2.7
Hexes          | |  4.9
Ice Magic      | |  0.5

Action                   |  1- 3 |  4- 6 || total
-------------------------+-------+-------++-------
Melee: Dagger            |    87 |    11 ||    98
       Bite              |     8 |     1 ||     9
Throw: Stone             |     2 |       ||     2
 Cast: Ensorcelled Hiber |    12 |     2 ||    14
       Confusing Touch   |     1 |       ||     1
Evoke: Wand              |       |     2 ||     2
 Stab: Sleeping          |    20 |     2 ||    22
       Confused          |     1 |       ||     1
Armor: Robe              |    15 |     2 ||    17
Dodge: Dodged            |    31 |     3 ||    34

Table legend: (Time is in decaauts)
 A = Elapsed time spent in this place.
 B = Non-inter-level travel time spent in this place.
 C = Inter-level travel time spent in this place.
 D = Time resting spent in this place.
 E = Time spent auto-exploring this place.
 F = Levels seen in this place.
 G = Mean time per level.
                   A        B        C        D        E       F      G
               +--------+--------+--------+--------+--------+-----+--------+
         Total |   2187 |   2028 |    159 |    352 |   1186 |   3 |  729.0 |
       Dungeon |   2187 |   2028 |    159 |    352 |   1186 |   3 |  729.0 |
               +--------+--------+--------+--------+--------+-----+--------+

Top non-repeatable levels by time:
     D:2: 1076 daAuts
     D:1: 1018 daAuts
     D:3: 92 daAuts
